 Dungeon Crawl Stone Soup version 0.19-a0-376-gf780d9b (webtiles) character file.

485 Kidiri the Firebug (level 6, -4/33 HPs)
             Began as a Deep Elf Fire Elementalist on May 30, 2016.
             Slain by Blork the orc
             ... wielding a +0 dire flail
              (7 damage)
             ... on level 4 of the Dungeon.
             The game lasted 00:16:43 (5208 turns).

Kidiri the Firebug (Deep Elf Fire Elementalist)     Turns: 5208, Time: 00:16:44

Health: -4/33      AC:  3    Str:  5    XL:     6   Next: 88%
Magic:  5/16       EV: 13    Int: 22    God:
Gold:   256        SH:  0    Dex: 15    Spells: 5 memorised, 3 levels left

rFire  . . .     SeeInvis .     p - +2 whip (venom)
rCold  + . .     Gourm    .     a - +0 robe
rNeg   . . .     Faith    .     (no shield)
rPois  .         Spirit   .     (no helmet)
rElec  .         Dismiss  .     (no cloak)
rCorr  .         Reflect  .     o - +0 pair of gloves
SustAt .         Harm     .     (no boots)
MR     .....                    (no amulet)
Stlth  ++........               (no ring)
                                x - ring of protection from cold

@: not resistant to hostile enchantments, unstealthy
A: mutation resistance 1
a: no special abilities


You were on level 4 of the Dungeon.
You were not hungry.

You visited 1 branch of the dungeon, and saw 4 of its levels.

You collected 256 gold pieces.

Inventory:

Hand Weapons
 n - a +0 dagger of electrocution
 p - a +2 whip of venom (weapon)
Armour
 a - a +0 robe (worn)
 d - a +0 leather armour
 o - a +0 pair of gloves (worn)
Jewellery
 x - a ring of protection from cold (left hand)
Scrolls
 g - a scroll of magic mapping {unknown}
 h - a scroll of enchant armour {unknown}
 j - a scroll of remove curse {unknown}
 k - 2 scrolls of noise {unknown}
 s - a scroll of fear {unknown}
 t - 2 scrolls of amnesia {unknown}
 u - a scroll of recharging {unknown}
 v - a scroll of enchant weapon {unknown}
 w - a scroll of random uselessness {unknown}
Potions
 e - a potion of degeneration {unknown}
 m - 3 potions of lignification
 q - a potion of brilliance
 r - a potion of flight
Books
 b - a book of Flames

   Spells                             Type                      Level
   a - Flame Tongue                   Conjuration/Fire             1
   b - Throw Flame                    Conjuration/Fire             2
   c - Conjure Flame                  Conjuration/Fire             3
   d - Inner Flame                    Hexes/Fire                   3
   e - Sticky Flame                   Conjuration/Fire             4
   f - Fireball                       Conjuration/Fire             5
Comestibles
 c - 3 bread rations
 l - 3 meat rations


   Skills:
 + Level 0.4 Fighting
 + Level 0.4 Short Blades
 + Level 0.2 Armour
 + Level 2.8 Dodging
 - Level 2.4 Stealth
 + Level 5.5 Spellcasting
 + Level 4.0 Conjurations
 * Level 6.1 Fire Magic


You had 3 spell levels left.
You knew the following spells:

 Your Spells              Type           Power        Failure   Level  Hunger
a - Flame Tongue          Conj/Fire      ####.        1%          1    None
b - Throw Flame           Conj/Fire      ####..       1%          2    None
c - Conjure Flame         Conj/Fire      ####....     4%          3    ##.....
d - Inner Flame           Hex/Fire       ###.....     12%         3    ##.....
e - Sticky Flame          Conj/Fire      ####....     14%         4    ####...


Dungeon Overview and Level Annotations

Branches:
Dungeon (4/15)             Temple (0/1) D:4

Altars:
Cheibriados
Dithmenos
Makhleb
Xom

Shops:
D:4 [

Annotations:
D:4 Blork the orc, Dowan, Duvessa


Innate Abilities, Weirdness & Mutations

You are somewhat resistant to further mutation.


Message History

A magic dart appears from out of thin air!
The magic dart hits you!
Unknown command.
Unknown command.
Unknown command.
A magic dart appears from out of thin air!
The magic dart hits you!
Your magical contamination has completely faded away.
A puff of frost appears from out of thin air!
The puff of frost hits you! You resist.
Unknown command.
Unknown command.
Unknown command.
You start resting.
A magic dart appears from out of thin air!
The magic dart hits you!
* * * LOW HITPOINT WARNING * * *
Unknown command.
Something hits you!
You die...

#...........##
#............#
.............##
.........%....#
..........(...##
#..............###
##...............##
###..............#
####......##.@.#
###########{# ##.#
#.## ##.# #..# #.##
##.# ###.##


There were no monsters in sight!

Vanquished Creatures
  An ogre (D:4)
  A scorpion (D:4)
  2 crimson imps (D:3)
  2 hounds
  A centaur skeleton (D:4)
  An iguana (D:4)
  5 adders
  4 gnolls (D:3)
  4 oozes
  2 worms (D:3)
  A dart slug (D:3)
  2 giant geckos
  6 orcs
  A ball python (D:3)
  3 giant cockroaches
  9 goblins
  3 hobgoblins
  3 jackals (D:1)
  2 quokkas
  4 bats
  4 giant newts
  3 kobolds
  4 rats
68 creatures vanquished.

Notes
Turn   | Place    | Note
--------------------------------------------------------------
     0 | D:1      | Kidiri the Deep Elf Fire Elementalist began the quest for the Orb.
     0 | D:1      | Reached XP level 1. HP: 10/10 MP: 6/6
   139 | D:1      | Reached XP level 2. HP: 15/15 MP: 4/8
   143 | D:1      | Learned a level 2 spell: Throw Flame
   727 | D:1      | Reached skill level 4 in Fire Magic
   854 | D:1      | Reached XP level 3. HP: 19/19 MP: 3/9
   859 | D:1      | Learned a level 3 spell: Conjure Flame
  1049 | D:2      | Found a shadowy altar of Dithmenos.
  1624 | D:2      | Learned a level 3 spell: Inner Flame
  2289 | D:3      | Reached XP level 4. HP: 24/24 MP: 1/11
  2850 | D:3      | Found a shimmering altar of Xom.
  2887 | D:3      | Reached skill level 5 in Fire Magic
  2887 | D:3      | Reached XP level 5. HP: 22/28 MP: 13/13
  3030 | D:3      | Learned a level 4 spell: Sticky Flame
  3436 | D:3      | Gained mutation: You are somewhat resistant to further mutation. [potion of beneficial mutation]
  3902 | D:3      | Found a snail-covered altar of Cheibriados.
  3903 | D:3      | Found a burning altar of Makhleb.
  4107 | D:4      | Found Weriem's Antique Armour Emporium.
  4283 | D:4      | Noticed an ogre
  4283 | D:4      | Reached skill level 5 in Spellcasting
  4291 | D:4      | Killed an ogre
  4291 | D:4      | Reached XP level 6. HP: 28/32 MP: 0/15
  4425 | D:4      | Found a staircase to the Ecumenical Temple.
  4431 | D:4      | Noticed Duvessa
  4439 | D:4      | Noticed Dowan
  5079 | D:4      | Reached skill level 6 in Fire Magic
  5176 | D:4      | Noticed Blork the orc
  5208 | D:4      | Slain by Blork the orc

Vault maps used:
D:1:      dpeg_arrival_stone_temple_mockup
D:2:      grunt_dithmenos_smoke, kennysheep_potato
D:3:      led_xom_imps, minitemple, first_bread
D:4:      gammafunk_temple_overflow_pools, minmay_temple_entry_glass,
          serial_shops, shop_statue, uniq_duvessa, uniq_blork_the_orc

Skill      XL: |  1  2  3  4  5  6 |
---------------+-------------------+-----
Fire Magic     | 4 5 6 |  6.1
Conjurations   | 2 3 4 |  4.0
Spellcasting   | 4 5 |  5.5
Fighting       | |  0.4
Short Blades   | |  0.4
Armour         | |  0.2
Dodging        | |  2.8
Stealth        | |  2.4

Action                   |  1- 3 |  4- 6 || total
-------------------------+-------+-------++-------
Melee: Short sword       |     2 |       ||     2
       Whip              |     4 |    79 ||    83
 Cast: Flame Tongue      |    28 |    42 ||    70
       Throw Flame       |    19 |    27 ||    46
       Conjure Flame     |     1 |     2 ||     3
       Inner Flame       |     1 |       ||     1
       Sticky Flame      |       |     3 ||     3
  Use: Scroll            |     3 |     1 ||     4
       Potion            |       |     1 ||     1
 Stab: Sleeping          |     2 |       ||     2
  Eat: Chunk             |     5 |     6 ||    11
       Pizza             |       |     1 ||     1
       Beef jerky        |       |     2 ||     2
       Royal jelly       |       |     1 ||     1
Armor: Robe              |     1 |    13 ||    14
Dodge: Dodged            |    15 |    44 ||    59
